 Dungeon Crawl Stone Soup version 0.21.0-22-g11d5b5247c (webtiles) character file.

42 Rrauwl the Magician (level 3, -2/25 HPs)
             Began as a Gnoll Wizard on Jan 18, 2018.
             Slain by Terence
             ... wielding a +3 flail of crushing
              (4 damage)
             ... on level 2 of the Dungeon.
             The game lasted 00:05:02 (1473 turns).

Rrauwl the Magician (Gnoll Wizard)                  Turns: 1473, Time: 00:05:03

Health: -2/25      AC:  2    Str: 10    XL:     3   Next: 54%
Magic:  0/11       EV: 13    Int: 20    God:
Gold:   67         SH:  0    Dex: 13    Spells: 15/16 levels left

rFire    . . .     SeeInvis .   a - +0 spear
rCold    . . .     Gourm    .   (no shield)
rNeg     . . .     Faith    .   e - +0 robe
rPois    .         Spirit   +   b - +0 hat
rElec    .         Reflect  .   (no cloak)
rCorr    .         Harm     .   (no gloves)
MR       .....                  (no boots)
Stlth    ++........             o - amulet of guardian spirit
HPRegen  0.08/turn              (no ring)
MPRegen  0.12/turn              (no ring)

@: heavily drained
A: distributed training, fangs 1, strong nose
a: no special abilities


You were on level 2 of the Dungeon.
You were hungry.

You visited 1 branch of the dungeon, and saw 2 of its levels.

You collected 67 gold pieces.

Inventory:

Hand Weapons
 a - a +0 spear (weapon)
Armour
 b - a +0 hat (worn)
 e - a +0 robe (worn)
Jewellery
 n - an uncursed amulet of harm
 o - an amulet of guardian spirit (around neck)
Scrolls
 h - a scroll of identify
Books
 c - a book of Minor Magic

   Spells                             Type                      Level
   a - Magic Dart                     Conjuration                  1
   b - Blink                          Translocation                2
   c - Call Imp                       Summoning                    2
   d - Slow                           Hexes                        2
   e - Conjure Flame                  Conjuration/Fire             3
   f - Mephitic Cloud                 Conjuration/Poison/Air       3
Comestibles
 d - 2 rations


   Skills:
 + Level 0.8(0.0) Fighting
 + Level 0.8(0.0) Short Blades
 + Level 0.8(0.0) Long Blades
 + Level 0.8(0.0) Axes
 + Level 0.8(0.0) Maces & Flails
 + Level 0.8(0.0) Polearms
 + Level 0.8(0.0) Staves
 + Level 0.8(0.0) Slings
 + Level 0.8(0.0) Bows
 + Level 0.8(0.0) Crossbows
 + Level 0.8(0.0) Throwing
 + Level 0.8(0.0) Armour
 + Level 4.5(3.3) Dodging
 + Level 4.1(2.9) Stealth
 + Level 0.8(0.0) Shields
 + Level 0.8(0.0) Unarmed Combat
 + Level 7.1(5.8) Spellcasting
 + Level 2.1(0.9) Conjurations
 + Level 0.5(0.0) Hexes
 + Level 0.5(0.0) Charms
 + Level 2.1(0.9) Summonings
 + Level 0.5(0.0) Necromancy
 + Level 2.1(0.9) Translocations
 + Level 0.5(0.0) Transmutations
 + Level 0.5(0.0) Fire Magic
 + Level 0.5(0.0) Ice Magic
 + Level 0.5(0.0) Air Magic
 + Level 0.5(0.0) Earth Magic
 + Level 0.5(0.0) Poison Magic
 + Level 1.0(0.0) Invocations
 + Level 0.8(0.0) Evocations


You had 15 spell levels left.
You knew the following spells:

 Your Spells              Type           Power        Failure   Level  Hunger
a - Magic Dart            Conj           #...         7%          1    None


Dungeon Overview and Level Annotations

Branches:
Dungeon (2/15)

Altars:
Okawaru

Annotations:
D:2 Terence


Innate Abilities, Weirdness & Mutations

Your experience applies equally to all skills.
You have very sharp teeth.
Your uncanny sense of smell can sniff out nearby items.


Message History

Terence hits you but does no damage.
You hit Terence but do no damage.
Terence is moderately wounded.
Terence closely misses you.
You hit Terence but do no damage. You bite Terence.
Terence is heavily wounded.
Terence hits you with a flail of crushing!
You are too injured to fight recklessly!
You are too injured to fight recklessly!
You are too injured to fight recklessly!
You are too injured to fight recklessly!
You are too injured to fight recklessly!
You hit Terence but do no damage.
Terence is heavily wounded.
Terence hits you with a flail of crushing!
* * * LOW HITPOINT WARNING * * *
x2 You completely miss Terence.
Terence is heavily wounded.
Terence hits you with a flail of crushing.
You die...

#.# #)#########...# #.#
#.#<...........# #.#
#####.#.#######....#
#.# #.......#####
##.#># #.#
#.###.####... ..#.# #.#
#.# #.# #..# ..... #.#
#.# #.# #..# #.#...
#.####.###.####.@#
#...............@#
#..........#####.####.#
##.##..##.............#
#.##..##.#####..######
#.....##.# #.##
#..#.###.# #.# #..#.#
#.# #.# #..#.# #.# #.#
#..#.# #.# #.#


You could see Terence.

Vanquished Creatures
  2 adders (D:2)
  A dart slug (D:1)
  3 bats (D:1)
  4 giant cockroaches (D:1)
  5 goblins (D:1)
  A hobgoblin (D:1)
  A kobold (D:1)
  A ball python (D:2)
  A rat (D:1)
19 creatures vanquished.

Notes
Turn   | Place    | Note
-------+----------+-------------------------------------------
     0 | D:1      | Rrauwl the Gnoll Wizard began the quest for the Orb.
     0 | D:1      | Reached XP level 1. HP: 13/13 MP: 8/8
    16 | D:1      | Found an iron altar of Okawaru.
   337 | D:1      | Reached XP level 2. HP: 19/19 MP: 6/10
  1112 | D:2      | Reached XP level 3. HP: 10/25 MP: 3/11
  1129 | D:2      | Reached skill level 1 in Invocations
  1137 | D:2      | HP: 1/25 [poisoned by an adder]
  1143 | D:2      | HP: 1/25 [poisoned by an adder]
  1450 | D:2      | Noticed Terence
  1473 | D:2      | Slain by Terence

Skill      XL: |  1  2  3 |
---------------+----------+-----
Conjurations   | 2 |  2.1
Summonings     | 2 |  2.1
Translocations | 2 |  2.1
Invocations    | 1 |  1.0
Fighting       | |  0.8
Short Blades   | |  0.8
Long Blades    | |  0.8
Axes           | |  0.8
Maces & Flails | |  0.8
Polearms       | |  0.8
Staves         | |  0.8
Slings         | |  0.8
Bows           | |  0.8
Crossbows      | |  0.8
Throwing       | |  0.8
Armour         | |  0.8
Dodging        | |  4.5
Stealth        | |  4.1
Shields        | |  0.8
Unarmed Combat | |  0.8
Spellcasting   | |  7.1
Hexes          | |  0.5
Charms         | |  0.5
Necromancy     | |  0.5
Transmutations | |  0.5
Fire Magic     | |  0.5
Ice Magic      | |  0.5
Air Magic      | |  0.5
Earth Magic    | |  0.5
Poison Magic   | |  0.5
Evocations     | |  0.8

Action                   || total
-------------------------++-------
Melee: Unarmed           ||     9
       Spear             ||    92
       Bite              ||     8
 Cast: Magic Dart        ||    13
  Use: Potion            ||     8
       Scroll            ||     4
 Stab: Sleeping          ||     3
  Eat: Chunk             ||     1
Armor: Robe              ||     7
Dodge: Dodged            ||    64
